 Dungeon Crawl Stone Soup version 0.20.0 (webtiles) character file.

357 Llamajah the Shield-Bearer (level 6, -1/48 HPs)
             Began as a Formicid Fighter on July 13, 2017.
             Killed by divine providence
             ... invoked by an orc priest
              (14 damage)
             ... on level 4 of the Dungeon.
             The game lasted 00:09:00 (2721 turns).

Llamajah the Shield-Bearer (Formicid Fighter)       Turns: 2721, Time: 00:09:01

Health: -1/48      AC: 10    Str: 21    XL:     6   Next: 96%
Magic:  6/6        EV:  7    Int:  7    God:
Gold:   173        SH: 10    Dex: 12    Spells: 5/5 levels left

rFire    . . .     SeeInvis +   a - +0 war axe
rCold    . . .     Gourm    .   c - +0 shield
rNeg     . . .     Faith    .   r - +0 chain mail
rPois    .         Spirit   .   (helmet unavailable)
rElec    .         Reflect  .   (no cloak)
rCorr    .         Harm     .   (no gloves)
MR       +....                  m - +0 pair of boots
Stlth    ..........             u - amulet of inaccuracy (curse)
Regen    0.2/turn               q - ring of teleportation (curse)
MPRegen  0.1/turn               e - ring of protection from magic

@: lethally poisoned (-1 -> -6)
A: permanent stasis, dig shafts and tunnels, four strong arms, antennae 3
a: Dig, Shaft Self


You were on level 4 of the Dungeon.
You were not hungry.

You visited 1 branch of the dungeon, and saw 4 of its levels.

You collected 173 gold pieces.

Inventory:

Hand Weapons
 a - a +0 war axe (weapon)
Armour
 c - a +0 shield (worn)
 m - a +0 pair of boots (worn)
 r - a +0 chain mail (worn)
Jewellery
 e - a ring of protection from magic (right hand)
 i - a +5 ring of intelligence
 q - a cursed ring of teleportation (left hand)
 u - a cursed amulet of inaccuracy (around neck)
Scrolls
 h - 2 scrolls of recharging
 j - a scroll of identify {unknown}
 o - 2 scrolls of noise {unknown}
 s - a scroll of magic mapping {unknown}
 v - a scroll of remove curse
Potions
 b - a potion of brilliance {unknown}
 k - 2 potions of mutation {unknown}
 l - a potion of cancellation {unknown}
 n - a potion of degeneration {unknown}
 p - a potion of heal wounds {unknown}
 t - a potion of curing {unknown}
Books
 d - a book of Callings

   Spells                             Type                      Level
   a - Summon Small Mammal            Summoning                    1
   b - Call Imp                       Summoning                    2
   c - Call Canine Familiar           Summoning                    3
   d - Summon Guardian Golem          Hexes/Summoning              3
   e - Summon Lightning Spire         Summoning/Air                4
   f - Summon Ice Beast               Ice/Summoning                4
Comestibles
 f - 4 bread rations
 g - 3 royal jellies
 w - 2 chunks of flesh


   Skills:
 + Level 4.2 Fighting
 + Level 3.1 Axes
 * Level 4.8 Armour
 * Level 2.7 Dodging
 * Level 5.1 Shields


You had 5 spell levels left.
You didn't know any spells.

Dungeon Overview and Level Annotations

Branches:
Dungeon (4/15)
 Temple: D:4-7

Altars:


Innate Abilities, Weirdness & Mutations

You cannot be hasted, slowed, berserked, paralysed or teleported.
You can dig through walls and to a lower floor.
Your four strong arms can wield two-handed weapons with a shield.
You have a pair of large antennae on your head. (SInv)


Message History

You miss the orc priest. You miss the worker ant.
You block the worker ant's attack.
The orc priest calls down the wrath of Beogh upon you.
Beogh smites you! You block the orc priest's attack. The worker ant bites you.
You are poisoned.
The worker ant poisons you!
The orc priest begins to cast a cantrip, but forgets the words!
You hit the orc priest.
The orc priest is lightly wounded.
You miss the worker ant.
You feel sick. You block the orc priest's attack.
The worker ant barely misses you.
You hit the orc priest.
The orc priest is moderately wounded.
You hit the worker ant.
Your shield and chain mail prevent you from hitting the orc priest.
You feel sick. The worker ant bites you.
* * * LOW HITPOINT WARNING * * *
The orc priest calls down the wrath of Beogh upon you.
Beogh smites you!
You die...

#......<#.#
#.......#.#
{#..(......#
#...#.#####
#.........#
#.#####.###.#
#..o{.....#
#######o#.#.#
#......@o...#
#.#####a#.###
#.#.# #.# #
#.# #.# { #.#
...


You could see a worker ant and 2 orc priests.

Vanquished Creatures
  The ghost of myxocpahck the Charmwright, an amateur MfSk (D:3)
  A bullfrog skeleton (D:3)
  Natasha (thrice) (D:3)
  2 gnolls (D:2)
  4 adders
  2 worms
  A dart slug (D:2)
  3 leopard geckos
  7 giant cockroaches
  7 goblins
  5 hobgoblins
  4 jackals
  6 kobolds
  4 quokkas (D:2)
  2 ball pythons
  4 bats
  6 frilled lizards
  10 rats
  A plant (D:3)
73 creatures vanquished.

Vanquished Creatures (others)
  A plant (D:3)
1 creature vanquished.

Grand Total: 74 creatures vanquished

Notes
Turn   | Place    | Note
-------+----------+-------------------------------------------
     0 | D:1      | Llamajah the Formicid Fighter began the quest for the Orb.
     0 | D:1      | Reached XP level 1. HP: 18/18 MP: 1/1
   152 | D:1      | Reached XP level 2. HP: 24/24 MP: 2/2
   505 | D:1      | Reached skill level 1 in Dodging
   520 | D:1      | Reached XP level 3. HP: 26/29 MP: 3/3
   878 | D:2      | Reached skill level 4 in Shields
   960 | D:2      | Reached XP level 4. HP: 19/37 MP: 4/4
  1481 | D:3      | Reached XP level 5. HP: 40/42 MP: 5/5
  1541 | D:3      | Noticed Natasha
  1573 | D:3      | Killed Natasha
  1575 | D:3      | Noticed myxocpahck's ghost (amateur MfSk)
  1893 | D:3      | Killed myxocpahck's ghost
  1893 | D:3      | Reached skill level 5 in Shields
  1893 | D:3      | Reached XP level 6. HP: 35/48 MP: 6/6
  1919 | D:3      | Noticed Natasha
  1924 | D:3      | Killed Natasha
  1948 | D:3      | Noticed Natasha
  1957 | D:3      | Killed Natasha
  2721 | D:4      | Killed from afar by an orc priest

Skill      XL: |  1  2  3  4  5 |
---------------+----------------+-----
Dodging        | 1 2 |  2.7
Shields        | 4 5 |  5.1
Armour         | 4 |  4.8
Fighting       | 4 |  4.2
Axes           | 3 |  3.1

Action                   |  1- 3 |  4- 6 || total
-------------------------+-------+-------++-------
Melee: War axe           |   100 |   262 ||   362
  Use: Scroll            |       |     3 ||     3
       Potion            |       |     1 ||     1
  Eat: Chunk             |       |     7 ||     7
Armor: Scale mail        |    43 |       ||    43
       Chain mail        |       |   114 ||   114
Dodge: Dodged            |    27 |    66 ||    93
Block: Shield            |    47 |   120 ||   167
